 Dungeon Crawl Stone Soup version 0.27-a0-328-g7f782ed93a (webtiles) character file.

Game seed: 12778752391173250019

2648 inc the Blocker (level 9, 0/126 HPs)
             Began as a Troll Fighter on Feb 11, 2021.
             Was a Believer of Qazlal.
             Slain by an orc warrior
             ... wielding a +0 dire flail
              (12 damage)
             ... on level 7 of the Dungeon.
             The game lasted 00:08:43 (5909 turns).

inc the Blocker (Troll Fighter)                     Turns: 5909, Time: 00:08:45

Health: 0/126      AC: 24    Str: 34    XL:     9   Next: 36%
Magic:  9/9        EV:  1    Int:  4    God:    Qazlal [**....]
Gold:   266        SH:  0    Dex: 10    Spells: 8/8 levels left

rFire    . . .     SeeInvis .     - Unarmed
rCold    . . .     Faith    .   b - +0 kite shield
rNeg     + + +     Spirit   .   (armour currently unavailable)
rPois    +         Reflect  .   (helmet currently unavailable)
rElec    .         Harm     .   (cloak currently unavailable)
rCorr    .         Rampage  .   (gloves unavailable)
Will     .....     NoTele   +   (boots unavailable)
Stlth    +.........             l - amulet of the acrobat
HPRegen  0.71/turn              f - +6 ring of strength
MPRegen  0.11/turn              (no ring)

@: confused, tree-form, invisible
A: large, unfitting armour, regeneration 1
a: Renounce Religion, Upheaval


You were on level 7 of the Dungeon.
You worshipped Qazlal.
Qazlal was pleased with you.
You were a tree.
You visited 1 branch of the dungeon, and saw 7 of its levels.
You also visited: Sewer.

You collected 266 gold pieces.

Inventory:

Armour
 a - a +0 robe (melded)
 b - a +0 kite shield (worn)
Jewellery
 f - a +6 ring of strength (left branch)
 l - an amulet of the acrobat (around neck)
Scrolls
 d - 3 scrolls of magic mapping {unknown}
 e - 7 scrolls of identify {unknown}
 g - 2 scrolls of teleportation {unknown}
 i - 4 scrolls of fog {unknown}
 j - 2 scrolls of amnesia {unknown}
 m - 2 scrolls of blinking {unknown}
 o - 2 scrolls of enchant weapon {unknown}
 p - a scroll of immolation {unknown}
 t - a scroll of fear {unknown}
Potions
 c - 3 potions of might
 h - a potion of lignification
 k - a potion of curing
 q - a potion of mutation
 r - a potion of flight {unknown}
 s - a potion of invisibility
 u - a potion of haste {unknown}
 v - a potion of brilliance {unknown}


   Skills:
 - Level 4.3 Fighting
 - Level 2.4 Dodging
 - Level 9.5 Shields
 - Level 4.7 Unarmed Combat
 + Level 2.0 Invocations


You had 8 spell levels left.
You didn't know any spells.
Your spell library contained the following spells:

 Spells                   Type           Power        Failure   Level
 Foxfire                  Conj/Fire      0%           50%         1
 Conjure Flame            Conj/Fire      0%           86%         3
 Inner Flame              Hex/Fire       0%           86%         3
 Sticky Flame             Conj/Fire      0%           99%         4
 Fireball                 Conj/Fire      0%           100%        5


Dungeon Overview and Level Annotations

Branches:
Dungeon (7/15)             Temple (0/1) D:5           Sewer (visited)

Altars:
Ashenzari
Hepliaklqana
Qazlal
Ru
Sif Muna
Uskayaw
Xom


Innate Abilities, Weirdness & Mutations

You are too large for most types of armour.
((You have claws for hands.))
Your natural rate of healing is unusually fast.
((You are covered in fur. (AC +1)))
((You have extremely tough skin. (AC +3)))
((You have a pair of small horns on your head.))
((Armour fits poorly on your strangely shaped body.))


Message History

Something tries to affect you, but you resist.
The orc hits you with a +0 flail.
* * * LOW HITPOINT WARNING * * *
The bullfrog hits you.
* * * LOW HITPOINT WARNING * * *
Unknown command.
It was a potion of lignification.
You turn into a tree.
Your +0 robe melds into your body.
Your roots penetrate the ground.
You block the giant cockroach's attack.
Something hits you but does no damage. x2
You block the bullfrog's attack. Something hits you but does no damage.
You hear some strange, mumbled words.
A puff of flame appears from out of thin air!
The puff of flame hits you but does no damage.
The orc warrior hits you but does no damage.
The giant cockroach bites you but does no damage.
The orc is struck by lightning.
You kill the orc!
Qazlal accepts your kill.
Your Invocations skill increases to level 2!
It was a potion of mutation.
You feel extremely strange.
Your body twists and deforms.
A pair of horns grows on your head! You block the bullfrog's attack.
Something hits you but does no damage.
You hear some strange, mumbled words.
You are confused.
Something hits you but does no damage. x2
The giant cockroach bites you but does no damage.
The orc warrior hits you with a +0 dire flail.
* * * LOW HITPOINT WARNING * * *
The bullfrog hits you but does no damage.
The leopard gecko zombie is struck by lightning.
You destroy the leopard gecko zombie!
Qazlal accepts your kill.
It was a potion of invisibility.
You fade into invisibility!
Something hits you but does no damage. x2
The bullfrog hits you but does no damage.
The giant cockroach bites you but does no damage.
Something hits you but does no damage. x2
The orc warrior hits you with a +0 dire flail!
You die...

#### ...... #####
...... .... ..
......##..### ...
...........##....
##...............
#.....Bl.........
#....ZBo{........
#....oF♣{........
#$...B§{{........
#.....oo.........
##.........##...
#..........# ..
#.(........# ..
#......≈...##...>
#.................
#.................


You could see an orc warrior, a bullfrog, an iguana, 2 worker ants, an orc
priest, 2 orcs, an adder zombie and a giant cockroach.

Vanquished Creatures
  Pikel (D:6)
  Sigmund (D:6)
  Eustachio (D:6)
  An orc warrior (D:7)
  An ice beast (D:5)
  2 black bears (D:6)
  A centaur (D:5)
  An ogre (D:4)
  A phantom (D:6)
  3 bullfrogs
  3 scorpions
  A howler monkey (D:4)
  A bullfrog zombie (D:5)
  3 hounds
  A centaur zombie (D:5)
  4 orc priests
  4 worker ants
  An iguana (D:5)
  5 orc wizards
  A worker ant zombie (D:5)
  4 gnolls (D:2)
  8 adders
  A white imp (D:5)
  2 ufetubi
  11 oozes
  4 worms
  2 dart slugs (D:3)
  18 leopard geckos
  13 orcs
  17 giant cockroaches
  15 goblins
  11 hobgoblins
  5 jackals
  10 kobolds
  3 quokkas
  17 ball pythons
  7 bats
  16 frilled lizards
  2 leopard gecko skeletons
  A leopard gecko zombie (D:7)
  A quokka skeleton (D:5)
  7 rats
212 creatures vanquished.

Notes
Turn   | Place    | Note
-------+----------+-------------------------------------------
     0 | D:1      | inc the Troll Fighter began the quest for the Orb.
     0 | D:1      | Reached XP level 1. HP: 22/22 MP: 0/0
   188 | D:1      | Reached XP level 2. HP: 29/29 MP: 1/1
   199 | D:1      | Reached skill level 3 in Shields
   593 | D:1      | Reached XP level 3. HP: 35/36 MP: 2/2
   785 | D:2      | You fall into a shaft and drop 2 floors!
   939 | D:4      | Reached skill level 4 in Shields
   939 | D:4      | Reached XP level 4. HP: 42/44 MP: 3/3
  1098 | D:3      | Found a glowing drain.
  1116 | Sewer    | Entered a sewer
  1123 | Sewer    | Reached XP level 5. HP: 50/50 MP: 4/4
  1186 | Sewer    | Reached skill level 5 in Shields
  1407 | Sewer    | Reached XP level 6. HP: 59/59 MP: 5/5
  1483 | D:3      | Reached skill level 6 in Shields
  2057 | D:2      | Found a stormy altar of Qazlal.
  2068 | D:2      | Became a worshipper of Qazlal Stormbringer
  2206 | D:2      | Found a hide-covered altar of Uskayaw.
  3117 | D:3      | You fall into a shaft and drop 2 floors!
  3117 | D:5      | Entered Level 5 of the Dungeon
  3139 | D:5      | Reached XP level 7. HP: 62/66 MP: 6/6
  3215 | D:5      | Found a hazy altar of Hepliaklqana.
  3303 | D:5      | Found a staircase to the Ecumenical Temple.
  3347 | D:5      | Reached skill level 7 in Shields
  3365 | D:5      | Found a shimmering blue altar of Sif Muna.
  3370 | D:5      | Reached * piety under Qazlal
  3862 | D:5      | Found a blossoming altar of Fedhas.
  3864 | D:5      | Found a shimmering altar of Xom.
  3864 | D:5      | Found a hide-covered altar of Uskayaw.
  3915 | D:5      | Reached skill level 8 in Shields
  4127 | D:4      | Reached XP level 8. HP: 74/74 MP: 7/7
  4514 | D:4      | Found a sacrificial altar of Ru.
  4847 | D:5      | Found a shimmering altar of Xom.
  4847 | D:5      | Found a broken altar of Ashenzari.
  4847 | D:5      | Found a sacrificial altar of Ru.
  4951 | D:6      | Reached skill level 9 in Shields
  4997 | D:6      | Noticed Sigmund
  5008 | D:6      | Killed Sigmund
  5008 | D:6      | Reached ** piety under Qazlal
  5287 | D:6      | Noticed Pikel
  5309 | D:6      | Killed Pikel
  5310 | D:6      | Reached XP level 9. HP: 69/84 MP: 8/8
  5401 | D:6      | Noticed Eustachio
  5421 | D:6      | Killed Eustachio
  5899 | D:7      | Reached skill level 1 in Invocations
  5908 | D:7      | Gained mutation: Armour fits poorly on your strangely
                  | shaped body. [potion of mutation]
  5908 | D:7      | Gained mutation: You have a pair of small horns on your
                  | head. [potion of mutation]
  5909 | D:7      | Slain by an orc warrior

Illustrated notes

Levels and vault maps discovered:
D:1:      evilmike_arrival_hilbert_curve, layout_loops_ring
D:2:      layout_loops_corners, eat_drink_and_be_merry_uskayaw,
          overflow_temple_1_default, serial_rivers,
          chequers_serial_rivers_small_a, chequers_serial_rivers_micro_a,
          chequers_serial_rivers_small_3, chequers_serial_rivers_small_b
D:3:      layout_loops_ring, gup_sewer_entry_pipe, minmay_goblin_outpost
D:4:      layout_loops_cross, nicolae_ru_great_annihilating_truth,
          minmay_unequal
D:5:      layout_loops_ring, lemuel_crystal_altar, doesnt_xom_only_xom,
          minmay_temple_entry_proselytizer, basic_altar
D:6:      layout_loops_corners, uniq_pikel, uniq_eustachio, uniq_sigmund
D:7:      layout_rooms, uniq_duvessa

Skill      XL: |  1  2  3  4  5  6  7  8  9 |
---------------+----------------------------+-----
Shields        | 3 4 5 6 8 9 |  9.5
Fighting       | 4 |  4.3
Unarmed Combat | 4 |  4.7
Invocations    | 2 |  2.0
Dodging        | |  2.4

Action                   |  1- 3 |  4- 6 |  7- 9 || total
-------------------------+-------+-------+-------++-------
Melee: Unarmed           |    78 |   344 |   267 ||   689
  Use: Potion            |       |       |     6 ||     6
 Stab: Sleeping          |       |     2 |       ||     2
       Paralysed         |       |       |     2 ||     2
Armor: Robe              |    25 |   105 |    51 ||   181
       Skin              |       |       |    16 ||    16
Dodge: Dodged            |    19 |   136 |    84 ||   239
Block: Kite shield       |    29 |   220 |   202 ||   451

Table legend: (Time is in decaauts)
 A = Elapsed time spent in this place.
 B = Non-inter-level travel time spent in this place.
 C = Inter-level travel time spent in this place.
 D = Time resting spent in this place.
 E = Time spent auto-exploring this place.
 F = Levels seen in this place.
 G = Mean time per level.
                   A        B        C        D        E       F      G
               +--------+--------+--------+--------+--------+-----+--------+
         Total |   6018 |   5668 |    350 |     83 |   4105 |   8 |  752.2 |
       Dungeon |   5601 |   5251 |    350 |     83 |   3989 |   7 |  800.1 |
         Sewer |    417 |    417 |      0 |      0 |    116 |   1 |  417.0 |
               +--------+--------+--------+--------+--------+-----+--------+

Top non-repeatable levels by time:
     D:5: 1066 daAuts
     D:3: 1021 daAuts
     D:6: 967 daAuts
     D:2: 920 daAuts
     D:4: 840 daAuts
     D:1: 749 daAuts
   Sewer: 417 daAuts
     D:7: 35 daAuts
